 Dungeon Crawl Stone Soup version 0.29.1-2-gbd0b4ee654 (webtiles) character file.

Game seed: 9849070856695809598

411 NinjaNoafa the Cleaver (level 6, -2/51 HPs)
             Began as a Minotaur Fighter on Nov 21, 2022.
             Slain by a gnoll
             ... wielding a +0 halberd
             ... led by a gnoll bouda
              (8 damage)
             ... on level 4 of the Dungeon.
             The game lasted 00:04:51 (3398 turns).

NinjaNoafa the Cleaver (Minotaur Fighter)           Turns: 3398, Time: 00:04:52

Health: -2/51      AC:  8    Str: 22    XL:     6   Next: 58%
Magic:  5/5        EV:  9    Int:  5    God:
Gold:   247        SH:  0    Dex: 16    Spells: 5/5 levels left

rFire   . . .      SeeInvis .   a - +0 war axe
rCold   . . .      Faith    +   c - +0 buckler
rNeg    . . .      Spirit   .   b - +0 scale mail
rPois   +          Reflect  .   (helmet restricted)
rElec   .          Harm     .   (no cloak)
rCorr   .          Rampage  .   (no gloves)
Will    .....                   l - +0 pair of boots
Stlth   ..........              v - amulet of faith
HPRegen 0.17/turn               f - ring of poison resistance
MPRegen 0.09/turn               t - +6 ring of dexterity

@: confused, ambrosia-drunk
A: horns 2, retaliatory headbutt
a: no special abilities


You were on level 4 of the Dungeon.
You visited 1 branch of the dungeon, and saw 5 of its levels.

You collected 247 gold pieces.

Inventory:

Hand Weapons
 a - a +0 war axe (weapon)
Missiles
 g - 26 stones (quivered)
 k - 3 poisoned darts
Armour
 b - a +0 scale mail (worn)
 c - a +0 buckler (worn)
 l - a +0 pair of boots (worn)
Jewellery
 f - a ring of poison resistance (left hand)
 t - a +6 ring of dexterity (right hand)
 v - an amulet of faith (around neck)
 w - a ring of flight
 z - a ring of see invisible
Scrolls
 d - a scroll of noise {unknown}
 h - 2 scrolls of poison {unknown}
 j - 5 scrolls of identify
 n - 3 scrolls of teleportation {unknown}
 p - 3 scrolls of enchant armour {unknown}
 q - a scroll of acquirement {unknown}
 y - a scroll of silence {unknown}
 A - a scroll of enchant weapon {unknown}
 C - a scroll of immolation {unknown}
Potions
 e - 3 potions of attraction
 i - 3 potions of curing
 m - 2 potions of lignification
 o - 2 potions of invisibility {unknown}
 r - a potion of cancellation {unknown}
 u - a potion of mutation {unknown}
 x - a potion of flight {unknown}
 B - 2 potions of might


   Skills:
 - Level 3.6 Fighting
 + Level 8.6 Axes
 - Level 3.6 Armour
 - Level 3.6 Shields


You had 5 spell levels left.
You didn't know any spells.
Your spell library contained the following spells:

 Spells                   Type           Power      Damage    Failure   Level
 Dazzling Flash           Conj/Hex       0%         N/A       99%         3
 Iskenderun's Mystic Bla  Conj/Tloc      0%         2d3       100%        4
 Starburst                Conj/Fire      0%         6d3       100%        6


Dungeon Overview and Level Annotations

Branches:
Dungeon (5/15)
 Temple: D:4-7

Altars:
Sif Muna
The Shining One


Innate Abilities, Weirdness & Mutations

You have a pair of horns on your head.
You reflexively headbutt those who attack you in melee.


Message History

The gnoll barely misses you. The gnoll completely misses you.
The gnoll hits you with a +0 spear. You block the gnoll bouda's attack.
The gnoll closely misses you.
You see here a +0 flail.
You slash the gnoll!
The gnoll is severely wounded.
You hit the gnoll but do no damage. You closely miss the gnoll.
You hit the gnoll bouda but do no damage.
The gnoll hits you with a +0 halberd. You block the gnoll's attack.
The gnoll bouda hits you with a +0 club!
The gnoll closely misses you.
The gnoll hits you from afar with a +0 halberd!
* * * LOW HITPOINT WARNING * * *
The gnoll hits you with a +0 spear.
* * * LOW HITPOINT WARNING * * *
The gnoll hits you from afar with a +0 spear.
* * * LOW HITPOINT WARNING * * *
The gnoll bouda barely misses you.
Okay, then.
The gnoll attacks as you move away! The gnoll closely misses you.
You furiously retaliate!
You headbutt the gnoll!
The gnoll hits you from afar with a +0 halberd!
* * * LOW HITPOINT WARNING * * *
You feel better.
The gnoll bouda calls upon its god to heal something.
The gnoll hits you from afar with a +0 halberd!
* * * LOW HITPOINT WARNING * * *
You are confused.
You feel invigorated.
The gnoll bouda hits you but does no damage.
The gnoll closely misses you.
The gnoll hits you from afar with a +0 halberd.
* * * LOW HITPOINT WARNING * * *
Unknown command.
You bump into the rock wall.
Your attacks no longer feel as feeble.
The gnoll bouda hits you with a +0 club.
* * * LOW HITPOINT WARNING * * *
The gnoll hits you from afar with a +0 halberd!
You die...

## .# #.. .#
#..# ## #.#
#..# ...#..#
#..#
.......##
#..#
.....<..##..#
........#@.#
.......ggg##
.......#.##
......##.#
....## #.#
#♣♣♣♣♣ ###
#.# ##♣P♣..♣
#.# #...♣♣.♣♣
##.###
##........
###....##
##..♣♣.P.♣♣


You could see a gnoll bouda and 2 gnolls.

Vanquished Creatures
  A scorpion (D:4)
  2 hounds (D:4)
  A gnoll bouda (D:4)
  Jessica (D:3)
  An orc wizard (D:4)
  5 gnolls
  6 adders
  A worm (D:3)
  3 dart slugs
  10 orcs
  9 endoplasms
  2 giant cockroaches
  7 goblins
  6 hobgoblins
  4 jackals
  7 quokkas
  7 ball pythons
  2 bats
  5 frilled lizards
  7 kobolds
  A rat (D:3)
88 creatures vanquished.

Vanquished Creatures (others)
  5 plants (D:4)
5 creatures vanquished.

Grand Total: 93 creatures vanquished

Notes
Turn   | Place    | Note
-------+----------+-------------------------------------------
     0 | D:1      | NinjaNoafa the Minotaur Fighter began the quest for the
                  | Orb.
     0 | D:1      | Reached XP level 1. HP: 19/19 MP: 0/0
    96 | D:1      | Reached skill level 3 in Axes
   180 | D:1      | Reached XP level 2. HP: 26/26 MP: 1/1
   578 | D:1      | Found a faded altar of an unknown god.
   961 | D:2      | Reached skill level 4 in Axes
   961 | D:2      | Reached XP level 3. HP: 31/31 MP: 2/2
  1231 | D:2      | Reached skill level 5 in Axes
  1515 | D:2      | Reached XP level 4. HP: 39/39 MP: 3/3
  1602 | D:3      | Noticed Jessica
  1608 | D:3      | Killed Jessica
  1855 | D:3      | Reached skill level 6 in Axes
  2489 | D:3      | Found a shimmering blue altar of Sif Muna.
  2654 | D:4      | Reached XP level 5. HP: 27/45 MP: 4/4
  2688 | D:4      | Reached skill level 7 in Axes
  2879 | D:4      | Reached XP level 6. HP: 39/51 MP: 5/5
  3012 | D:4      | Reached skill level 8 in Axes
  3038 | D:4      | Found a glowing golden altar of the Shining One.
  3324 | D:4      | You fall into a shaft and drop 1 floor!
  3324 | D:5      | Entered Level 5 of the Dungeon
  3395 | D:4      | HP: 1/51 [gnoll/+0 halberd[a gnoll bouda] (7)]
  3398 | D:4      | Slain by a gnoll

Illustrated notes

Levels and vault maps discovered:
D:1:      evilmike_arrival_hilbert_curve, layout_loops_corners,
          shapermc_ecumenical_altar_acropolis, minmay_close_crescents
D:2:      layout_loops_ring
D:3:      layout_loops_corners, lemuel_blue_sif_altar,
          minmay_randomly_rotated_circles, uniq_jessica
D:4:      layout_cave_pods, tso_metal_star, serial_forest,
          infiniplex_forest_end_2, infiniplex_forest_lined_room_,
          infiniplex_forest_clump_long, infiniplex_forest_lined_2,
          infiniplex_forest_lined_4_way, infiniplex_forest_clump_cross,
          infiniplex_forest_clump_small, hangedman_minor_gate_pass
D:5:      layout_layer_cave, kennysheep_mini_moat, nicolae_shop_gadgets,
          uniq_grinder, uniq_crazy_yiuf_cottage

Skill      XL: |  1  2  3  4  5  6 |
---------------+-------------------+-----
Axes           | 3 4 5 6 7 8 |  8.6
Fighting       | |  3.6
Armour         | |  3.6
Shields        | |  3.6

Action                   |  1- 3 |  4- 6 || total
-------------------------+-------+-------++-------
Melee: War axe           |    64 |    98 ||   162
       Headbutt          |     5 |    18 ||    23
  Use: Potion            |       |     7 ||     7
       Scroll            |       |     1 ||     1
Armor: Scale mail        |    43 |    59 ||   102
Dodge: Dodged            |    31 |    50 ||    81
Block: Buckler           |    18 |    33 ||    51
